 Adventure DCSS version bcrawl-1.27.3 (webtiles) character file.

Game seed: 6413354954178234991

140678 galech the Shield-Bearer (level 3, 17/29 HPs)
             Began as a Demonspawn Fighter on July 31, 2020.
             Quit the game on level 1 of the Dungeon.
             The game lasted 00:00:54 (564 turns).

galech the Shield-Bearer (Demonspawn Fighter)        Turns: 564, Time: 00:00:54

Health: 17/29      AC: 12    Str: 16    XL:     3   Next: 3%
Magic:  3/3        EV:  5    Int:  9    God:
Gold:   28         SH:  9    Dex: 13    Spells: 2/2 levels left
                                        Lives:  2   Deaths: 0

rFire    . . .     SeeInvis .   a - +0 war axe
rCold    . . .     Gourm    .   c - +0 medium shield
rNeg     + . .     Faith    .   b - +0 scale mail
rPois    .         Spirit   .   (helmet restricted)
rElec    .         Reflect  .   (no cloak)
rCorr    .         Harm     .   (no gloves)
MR       .....                  (no boots)
Stlth    ..........             (no amulet)
HPRegen  0.09/turn              h - ring of positive energy
MPRegen  0.08/turn              (no ring)

@: sanguine armour
A: horns 1, sanguine armour 1
a: no special abilities


You were on level 1 of the Dungeon.
You were hungry.

You visited 1 branch of the dungeon, and saw 1 of its levels.

You collected 28 gold pieces.

Inventory:

Hand Weapons
 a - a +0 war axe (weapon)
Armour
 b - a +0 scale mail (worn)
 c - a +0 medium shield (worn)
Jewellery
 h - a ring of positive energy (left hand)
Scrolls
 g - a scroll of remove curse {unknown}
 i - 2 scrolls of teleportation {unknown}
Potions
 d - a potion of might
 j - a potion of flight {unknown}
Comestibles
 e - 2 rations {!d}
 f - 5 chunks of flesh


   Skills:
 + Level 3.1 Fighting
 + Level 2.3 Axes
 + Level 2.8 Armour
 + Level 0.2 Dodging
 + Level 3.1 Shields


You had 2 spell levels left.
You didn't know any spells.
Your spell library was empty.

Dungeon Overview and Level Annotations

Branches:
Dungeon (1/12)

Altars:


Innate Abilities, Weirdness & Mutations

You have a pair of small horns on your head.
When seriously injured, your bleeding wounds create armour. (AC +6)


Message History

You closely miss the leopard gecko. You block the leopard gecko's attack.
The kobold hits you but does no damage.
You hit the kobold.
You kill the kobold!
You closely miss the leopard gecko. You block the leopard gecko's attack.
The leopard gecko bites you but does no damage.
You hit the leopard gecko.
The leopard gecko is almost dead.
You block the leopard gecko's attack. The leopard gecko bites you.
You hit the leopard gecko.
You kill the leopard gecko!
You have reached level 3!
Your experience leads to an increase in your attributes!
Increase (S)trength, (I)ntelligence, or (D)exterity?
You feel agile.
Your demonic ancestry asserts itself...
A pair of horns grows on your head!
Things that are here:
a +0 dagger; a short sword There isn't anything to butcher here.
Are you sure you want to abandon this character and quit the game? (Confirm with "yes".)

..........#......
.........)....#..###+
###.............#..#...
...............#..#...
#...>................
###....................
#......................
#....)................
#....@......^.........
#?..#...................
. ####.....#..........
+.....#..........
######....##.....))..#
##...####.........)....
#......................
#..............>.......
#......................


There were no monsters in sight!

Vanquished Creatures
  2 leopard geckos (D:1)
  6 bats (D:1)
  6 goblins (D:1)
  5 hobgoblins (D:1)
  A frilled lizard (D:1)
  4 kobolds (D:1)
24 creatures vanquished.

Notes
Turn   | Place    | Note
-------+----------+-------------------------------------------
     0 | D:1      | galech the Demonspawn Fighter began the quest for the Orb.
     0 | D:1      | Reached XP level 1. HP: 18/18 MP: 1/1
   170 | D:1      | Gained mutation: When seriously injured, your bleeding
                  | wounds create armour. (AC +6) [demonic ancestry]
   170 | D:1      | Reached XP level 2. HP: 11/24 MP: 2/2
   562 | D:1      | Gained mutation: You have a pair of small horns on your
                  | head. [demonic ancestry]
   562 | D:1      | Reached XP level 3. HP: 16/29 MP: 3/3
   564 | D:1      | Quit the game

Skill      XL: |  1  2 |
---------------+-------+-----
Axes           | 2 |  2.3
Shields        | 3 |  3.1
Fighting       | |  3.1
Armour         | |  2.8
Dodging        | |  0.2

Action                   || total
-------------------------++-------
Melee: War axe           ||    93
  Eat: Chunk             ||     2
Armor: Scale mail        ||    78
Dodge: Dodged            ||    21
Block: Medium shield     ||    89
